 Dungeon Crawl Stone Soup version 0.30.0-11-gf55b779eaf (webtiles) character file.

Game seed: 15020477836264827199

8864 gelatine the Firebug (level 11, -16/78 HPs)
             Began as a Demonspawn Fire Elementalist on May 16, 2023.
             Was a Believer of Vehumet.
             Demolished by a boulder beetle (26 damage)
             ... on level 11 of the Dungeon.
             The game lasted 00:38:26 (9342 turns).

gelatine the Firebug (Demonspawn Fire Elementalist) Turns: 9342, Time: 00:38:26

Health: -16/78     AC: 11    Str: 10    XL:     11   Next: 15%
Magic:  9/30       EV: 13    Int: 20    God:    Vehumet [**....]
Gold:   684        SH:  0    Dex: 13    Spells: 5/23 levels left

rFire   + . .        L - +3 short sword (freeze)
rCold   x . .        (no shield)
rNeg    . . .        K - +0 steam dragon scales
rPois   .            s - +1 hat
rElec   .            H - +0 cloak
rCorr   .            z - +2 pair of gloves
SInv    .            (no boots)
Will    .....        B - amulet of magic regeneration
Stlth   +++          y - ring of magical power
HPRegen 0.33/turn    w - ring of fire
MPRegen 0.62/turn

%: no passive effects
@: no status effects
A: foul stench 1, spiny 1, sturdy frame 1, weakness stinger 2
a: Renounce Religion


You were on level 11 of the Dungeon.
You worshipped Vehumet.
Vehumet was pleased with you.
You visited 2 branches of the dungeon, and saw 12 of its levels.

You collected 684 gold pieces.

Inventory:

Hand Weapons
 L - a +3 short sword of freezing (weapon)
Armour
 q - a +0 helmet
 s - a +1 hat (worn)
 z - a +2 pair of gloves (worn)
 F - a +1 robe of cold resistance
 H - a +0 cloak (worn)
 K - +0 steam dragon scales (worn)
 M - a +0 robe of fire resistance
Jewellery
 o - an amulet of reflection
 p - a ring of see invisible
 v - a ring of resist corrosion
 w - a ring of fire (right hand)
 y - a ring of magical power (left hand)
 B - an amulet of magic regeneration (around neck)
Wands
 e - a wand of flame (4)
 j - a wand of roots (11)
 D - a wand of paralysis (9)
 N - a wand of mindburst (2)
Scrolls
 a - a scroll of silence
 c - a scroll of fear
 d - 3 scrolls of vulnerability
 f - 2 scrolls of teleportation {unknown}
 k - 6 scrolls of fog
 m - 2 scrolls of amnesia {unknown}
 t - 3 scrolls of enchant weapon {unknown}
 A - a scroll of torment {unknown}
 C - a scroll of identify
 E - 3 scrolls of magic mapping {unknown}
 G - 2 scrolls of immolation {unknown}
 J - 2 scrolls of noise {unknown}
 O - a scroll of acquirement {unknown}
Potions
 b - 2 potions of magic
 g - a potion of ambrosia
 h - 2 potions of brilliance
 i - 7 potions of curing
 l - 3 potions of attraction {unknown}
 n - a potion of heal wounds
 r - 2 potions of resistance
 u - a potion of cancellation
 x - 7 potions of flight {unknown}


   Skills:
 * Level 4.6 Fighting
 * Level 4.2 Short Blades
 * Level 4.4 Armour
 * Level 4.6 Dodging
 + Level 5.0 Stealth
 + Level 6.9 Spellcasting
 * Level 5.6 Conjurations
 * Level 2.9 Hexes
 * Level 4.0 Translocations
 * Level 7.6 Fire Magic
 * Level 3.0 Evocations


You had 5 spell levels left.
You knew the following spells:

 Your Spells              Type           Power      Damage    Failure   Level
a - Foxfire               Conj/Fire      100%       2x1d9     1%          1
b - Scorch                Fire           100%       2d9       1%          2
c - Volatile Blastmotes   Fire/Tloc      90%        2d17      2%          3
d - Inner Flame           Hex/Fire       42%        N/A       3%          3
e - Flame Wave            Conj/Fire      50%        2d12      6%          4
f - Fireball              Conj/Fire      25%        3d11      17%         5

Your spell library contained the following spells:

 Spells                   Type           Power      Damage    Failure   Level
 Searing Ray              Conj           58%        2d6       1%          2
 Kiss of Death            Conj/Necr      72%        2d10      3%          1
 Dazzling Flash           Conj/Hex       48%        N/A       4%          3
 Gell's Gravitas          Tloc           23%        N/A       5%          3
 Teleport Other           Tloc           23%        N/A       5%          3
 Confusing Touch          Hex            18%        N/A       9%          3
 Iskenderun's Mystic Bla  Conj/Tloc      26%        2d7       13%         4
 Dispel Undead            Necr           6%         3d8       67%         4
 Summon Ice Beast         Ice/Summ       6%         N/A       67%         4
 Summon Mana Viper        Hex/Summ       12%        N/A       82%         5
 Starburst                Conj/Fire      25%        6d8       67%         6
 Dispersal                Tloc           11%        N/A       95%         6
 Plasma Beam              Fire/Air       16%        2x1d30    97%         6
 Monstrous Menagerie      Summ           3%         N/A       100%        7


Dungeon Overview and Level Annotations

Branches:
Dungeon (11/15)            Temple (1/1) D:6            Lair (0/5) D:9
    Orc: D:9-12

Altars:
Ashenzari
Cheibriados
Dithmenos
Fedhas
Gozag
Hepliaklqana
Kikubaaqudgha
Makhleb
Nemelex Xobeh
Okawaru
Qazlal
Ru
Sif Muna
Trog
Uskayaw
Vehumet
Wu Jian
Xom
Yredelemnul


Innate Abilities, Weirdness & Mutations

You may rarely emit foul miasma when damaged in melee.
You are partially covered in sharp spines.
Your movements are slightly less encumbered by armour. (ER -2)
You have a tail ending in a sharp stinger.


Message History

The boulder beetle is heavily wounded.
The boulder beetle bites you!
* * * LOW HITPOINT WARNING * * *
You feel much better. The orc hits you but does no damage.
The orc priest looks braver for a moment.
The boulder beetle leaps!
Your magical contamination has completely faded away.
Casting: Foxfire (safe; 1% risk of failure)
Confirm with . or Enter, or press ? or * to list all spells.
Casting: Flame Wave (dangerous; 6% risk of failure)
Press: ? - help, Dir - look around, f - activate You feel a surge of power!
A wave of flame ripples out!
The flame wave engulfs the orc!
You kill the orc!
Vehumet accepts your kill. (Press . to intensify the flame waves.)
The boulder beetle curls into a ball and begins rolling!
A wave of flame ripples out!
The flame wave engulfs the orc!
You kill the orc!
Vehumet accepts your kill.
The flame wave engulfs the orc warrior.
The orc warrior is moderately wounded.
The orc priest calls down the wrath of Beogh upon you.
Pain shoots through your body!
A wave of flame ripples out!
The flame wave engulfs the orc warrior!
The orc warrior is severely wounded.
The flame wave engulfs the boulder beetle but does no damage.
The boulder beetle is heavily wounded.
The flame wave engulfs the orc priest!
The orc priest is almost dead.
You finish channelling waves of flame.
The orc warrior barely misses you.
The orc warrior attacks as you move away!
The orc warrior is struck by your spines.
The orc warrior hits you with a +0 flail.
The orc priest invokes the aid of Beogh against you.
Beogh smites you!
* * * LOW HITPOINT WARNING * * *
The boulder beetle is struck by your spines.
The boulder beetle hits you!!
You die...

#...^.....# #.........#
#.......).# #.........#
#...°.....# #....°.o$.#
#.....○)..# #......B..#
#......o@.# #.........#
#.........# #.........#
#..>..)...###############
.........................
............>............
........................
........###############


You could see a boulder beetle (rolling), an orc warrior and an orc priest.

Vanquished Creatures
  Maggie (D:9)
  Psyche (D:9)
  Sigmund (D:5)
  A wraith (D:10)
  3 wyverns
  16 yaks
  2 basilisks (D:9)
  7 water moccasins
  Duvessa (D:5)
  2 orc warriors
  3 ice beasts
  3 black bears
  2 centaurs (D:10)
  An ogre (D:4)
  2 phantoms
  Blork the orc (D:6)
  5 kobold brigands
  A gnoll sergeant (D:10)
  4 bullfrogs
  3 scorpions
  4 wights
  Dowan (D:5)
  18 killer bees
  3 howler monkeys
  3 hounds
  Crazy Yiuf (D:6)
  6 orc priests
  3 gnoll boudas
  A jelly (D:4)
  An iron imp (D:10)
  A sleepcap (D:5)
  6 orc wizards
  Robin (D:2)
  24 gnolls
  7 adders
  A shadow imp (D:7)
  7 white imps
  3 ufetubi
  2 worms
  3 dart slugs
  20 orcs
  6 endoplasms
  3 giant cockroaches
  12 hobgoblins
  2 jackals (D:2)
  28 kobolds
  5 quokkas
  5 ball pythons
  4 bats (D:1)
  2 frilled lizards (D:1)
  11 goblins
  6 rats
260 creatures vanquished.

Vanquished Creatures (collateral kills)
  A foxfire (D:9)
1 creature vanquished.

Vanquished Creatures (others)
  A killer bee (D:9)
  757 foxfires
758 creatures vanquished.

Grand Total: 1019 creatures vanquished

Notes
Turn   | Place    | Note
-------+----------+-------------------------------------------
     0 | D:1      | gelatine the Demonspawn Fire Elementalist began the quest
                  | for the Orb.
     0 | D:1      | Reached XP level 1. HP: 13/13 MP: 3/3
   268 | D:1      | Gained mutation: You are partially covered in sharp spines.
                  | [demonic ancestry]
   268 | D:1      | Reached XP level 2. HP: 4/19 MP: 3/5
   317 | D:1      | Reached skill level 3 in Fire Magic
   922 | D:2      | Gained mutation: Your movements are slightly less
                  | encumbered by armour. (ER -2) [demonic ancestry]
   922 | D:2      | Reached XP level 3. HP: 24/24 MP: 3/6
  1341 | D:2      | Learned a level 2 spell: Scorch
  1345 | D:2      | Learned a level 3 spell: Volatile Blastmotes
  1350 | D:2      | Noticed Robin
  1398 | D:2      | Killed Robin
  1420 | D:2      | Reached XP level 4. HP: 31/31 MP: 0/7
  1691 | D:3      | Found a broken altar of Ashenzari.
  1724 | D:3      | Found a shimmering altar of Xom.
  1727 | D:3      | Found a bloodstained altar of Trog.
  1728 | D:3      | Found an ornate altar of the Wu Jian Council.
  2510 | D:4      | Noticed a black bear
  2664 | D:4      | Reached skill level 1 in Fighting
  2684 | D:4      | Gained mutation: You may rarely emit foul miasma when
                  | damaged in melee. [demonic ancestry]
  2684 | D:4      | Reached XP level 5. HP: 34/37 MP: 2/9
  2829 | D:4      | Killed a black bear
  2830 | D:4      | Reached skill level 1 in Short Blades
  2830 | D:4      | Reached skill level 1 in Armour
  2830 | D:4      | Reached XP level 6. HP: 43/43 MP: 10/10
  2989 | D:4      | Reached skill level 4 in Fire Magic
  3097 | D:4      | Reached skill level 1 in Translocations
  3299 | D:4      | Reached XP level 7. HP: 49/49 MP: 12/12
  3552 | D:5      | Entered Level 5 of the Dungeon
  3932 | D:5      | Noticed Duvessa
  3960 | D:5      | Killed Duvessa
  3961 | D:5      | Gained mutation: You have a small tail. [demonic ancestry]
  3961 | D:5      | Reached XP level 8. HP: 57/57 MP: 14/14
  4263 | D:5      | Noticed Sigmund
  4286 | D:5      | Killed Sigmund
  4287 | D:5      | Reached skill level 5 in Fire Magic
  4334 | D:5      | Noticed Dowan
  4341 | D:5      | Killed Dowan
  4644 | D:6      | Reached skill level 5 in Spellcasting
  4683 | D:6      | Noticed Blork the orc
  4698 | D:6      | Killed Blork the orc
  4857 | D:6      | Reached XP level 9. HP: 57/63 MP: 17/17
  5025 | D:6      | Found a staircase to the Ecumenical Temple.
  5036 | Temple   | Entered the Ecumenical Temple
  5479 | D:6      | Learned a level 3 spell: Inner Flame
  5484 | D:6      | Learned a level 4 spell: Flame Wave
  5671 | D:6      | Found a runed translucent door.
  5672 | D:6      | Noticed Crazy Yiuf
  5677 | D:6      | Killed Crazy Yiuf
  6014 | D:7      | Reached skill level 6 in Fire Magic
  6182 | D:8      | Found a radiant altar of Vehumet.
  6187 | D:8      | Became a worshipper of Vehumet
  6591 | D:8      | Found a basalt altar of Yredelemnul.
  6642 | D:8      | Reached skill level 1 in Evocations
  6715 | D:8      | You fall into a shaft and drop 1 floor!
  6765 | D:9      | Reached skill level 1 in Hexes
  6781 | D:9      | Gained mutation: You have a tail ending in a sharp stinger.
                  | [demonic ancestry]
  6781 | D:9      | Reached XP level 10. HP: 33/71 MP: 19/19
  6806 | D:9      | Found a staircase to the Lair.
  7166 | D:8      | Identified the +12 whip "Voex" {speed, *Slow rPois rC+
                  | SInv}
  7303 | D:9      | Reached * piety under Vehumet
  7303 | D:9      | Offered knowledge of Freeze by Vehumet.
  7612 | D:9      | Noticed Psyche
  7620 | D:9      | Killed Psyche
  7621 | D:9      | Reached skill level 7 in Fire Magic
  7858 | D:9      | Noticed Maggie
  7867 | D:9      | Killed Maggie
  7932 | D:9      | Reached skill level 5 in Conjurations
  8236 | D:10     | Entered Level 10 of the Dungeon
  8287 | D:10     | Reached ** piety under Vehumet
  8287 | D:10     | Offered knowledge of Searing Ray by Vehumet.
  8566 | D:10     | Reached XP level 11. HP: 78/78 MP: 21/21
  8681 | D:10     | Learned a level 5 spell: Fireball
  8699 | D:10     | Found a snail-covered altar of Cheibriados.
  8759 | D:10     | Reached skill level 5 in Stealth
  9319 | D:11     | Noticed a boulder beetle
  9342 | D:11     | Demolished by a boulder beetle

Illustrated notes

Levels and vault maps discovered:
D:1:      roderic_crossed_star, layout_rooms, minmay_split_cup_small
D:2:      layout_rooms, uniq_robin
D:3:      layout_basic, grunt_temple_overflow_open, minmay_misc_feat_square
D:4:      layout_rooms, minivault_5
D:5:      nicolae_cairo_tiling_large_dashed, layout_basic, uniq_sigmund,
          uniq_duvessa
D:6:      layout_loops_ring, minmay_temple_entry_grid, st_stairs_3,
          roderic_roman_lattice, chequers_serial_rivers_small_b,
          grunt_decor_fettered, minmay_pentangle, uniq_crazy_yiuf_cottage,
          uniq_blork_the_orc
D:7:      layout_basic
D:8:      layout_cave_pods, overflow_temple_1_default,
          mainiacjoe_overflow_boulevard
D:9:      layout_irregular_city, minmay_lair_entry_grove, uniq_maggie,
          uniq_psyche
D:10:     nicolae_whirlpool, layout_irregular_city, slow_altar_2
D:11:     layout_cross, serial_shops, shop, minivault_19
Temple:   nicolae_temple_no_exploring_needed

Skill      XL: |  1  2  3  4  5  6  7  8  9 10 11 |
---------------+----------------------------------+-----
Fire Magic     | 3 4 5 6 7 |  7.6
Dodging        | 2 3 4 |  4.6
Stealth        | 2 3 4 5 |  5.0
Fighting       | 1 2 3 4 |  4.6
Short Blades   | 1 2 3 4 |  4.2
Armour         | 1 2 3 4 |  4.4
Spellcasting   | 3 4 5 6 |  6.9
Conjurations   | 2 3 4 5 |  5.6
Translocations | 1 2 3 4 |  4.0
Evocations     | 1 2 3 |  3.0
Hexes          | 1 2 |  2.9

Action                     |  1- 3 |  4- 6 |  7- 9 | 10-12 || total
---------------------------+-------+-------+-------+-------++-------
  Melee: Dagger            |    36 |    15 |       |       ||    51
         Unarmed           |     2 |       |       |       ||     2
         Short sword       |       |     8 |    40 |    62 ||   110
         Tailslap          |       |       |     5 |    13 ||    18
         Punch             |       |       |       |     1 ||     1
   Cast: Foxfire           |    62 |    56 |   186 |   139 ||   443
         Volatile Blastmot |     1 |     8 |    27 |     4 ||    40
         Scorch            |       |     6 |    25 |    11 ||    42
         Inner Flame       |       |       |     1 |       ||     1
         Flame Wave        |       |       |       |    12 ||    12
         Fireball          |       |       |       |     2 ||     2
  Evoke: Wand              |       |       |     2 |     1 ||     3
    Use: Scroll            |       |       |     8 |     3 ||    11
         Potion            |       |       |     2 |     3 ||     5
   Stab: Sleeping          |       |     1 |     2 |       ||     3
 Armour: Robe              |     5 |       |    14 |    19 ||    38
         Ring mail         |    11 |       |       |       ||    11
         Leather armour    |       |     3 |     5 |       ||     8
         Steam dragon scal |       |       |       |    23 ||    23
  Dodge: Dodged            |    31 |    10 |    41 |    65 ||   147
